 Dungeon Crawl Stone Soup version 0.26-a0-651-gb41185065b (webtiles) character file.

Game seed: 16884477308885029697

135 tof the Chopper (level 4, -12/41 HPs)
             Began as a Minotaur Berserker on Sept 29, 2020.
             Was a Believer of Trog.
             Hit by a silver boomerang thrown by an orc warrior (19 damage)
             ... on level 4 of the Dungeon.
             The game lasted 00:02:56 (2232 turns).

tof the Chopper (Minotaur Berserker)                Turns: 2232, Time: 00:02:57

Health: -12/41     AC:  3    Str: 34    XL:     4   Next: 96%
Magic:  3/3        EV: 12    Int:  4    God:    Trog [**....]
Gold:   146        SH:  0    Dex: 10    Spells: 3/3 levels left

rFire    . . .     SeeInvis .   a - +0 hand axe
rCold    . . .     Faith    .   (no shield)
rNeg     . . .     Spirit   .   b - +0 animal skin
rPois    .         Reflect  .   f - +1 hat
rElec    .         Harm     .   (no cloak)
rCorr    .         Rampage  .   (no gloves)
MR       .....                  (no boots)
Stlth    +.........             (no amulet)
HPRegen  0.13/turn              g - +6 ring of strength
MPRegen  0.08/turn              o - +6 ring of strength

@: lethally poisoned (-12 -> -14)
A: retaliatory headbutt, horns 2
a: Berserk, Trog's Hand, Renounce Religion


You were on level 4 of the Dungeon.
You worshipped Trog.
Trog was pleased with you.
You visited 1 branch of the dungeon, and saw 4 of its levels.

You collected 146 gold pieces.

Inventory:

Hand Weapons
 a - a +0 hand axe (weapon)
Armour
 b - a +0 animal skin (worn)
 e - a +0 tower shield
 f - a +1 hat (worn)
Jewellery
 g - a +6 ring of strength (left hand)
 o - a +6 ring of strength (right hand)
Scrolls
 c - a scroll of fear {unknown}
 j - 2 scrolls of enchant weapon {unknown}
 k - 8 scrolls of identify
 l - a scroll of remove curse
 m - 2 scrolls of fog {unknown}
 n - a scroll of teleportation {unknown}
 q - a scroll of amnesia {unknown}
Potions
 d - 3 potions of curing {unknown}
 h - 2 potions of haste {unknown}
 i - 2 potions of magic {unknown}
 p - a potion of heal wounds {unknown}
 r - a potion of flight {unknown}


   Skills:
 + Level 4.9 Fighting
 + Level 4.9 Axes
 + Level 4.0 Armour
 - Level 2.3 Dodging
 - Level 0.3 Shields


You had 3 spell levels left.
You didn't know any spells.
Your spell library was empty.

Dungeon Overview and Level Annotations

Branches:
Dungeon (4/15)
 Temple: D:4-7

Altars:
Dithmenos
Nemelex Xobeh
Okawaru
Vehumet


Innate Abilities, Weirdness & Mutations

You reflexively headbutt those who attack you in melee.
You have a pair of horns on your head.


Message History

You feel sick. The worker ant barely misses you. x2
You hit the worker ant but do no damage.
The worker ant is moderately wounded.
You feel sick. The worker ant bites you.
* * * LOW HITPOINT WARNING * * *
You barely miss the worker ant. You headbutt the worker ant.
The worker ant is heavily wounded.
The worker ant bites you.
* * * LOW HITPOINT WARNING * * *
You barely miss the worker ant.
The worker ant is heavily wounded.
You feel sick. The worker ant closely misses you. You furiously retaliate!
You headbutt the worker ant!
You kill the worker ant!
Trog accepts your kill.
Your Armour skill increases to level 4!
The orc warrior throws a silver boomerang.
The silver boomerang hits you!!
You die...

#....####.# #
#........o###.#
#.............##
#............>..
#...............
#....o######.... #.....# .
########†## #.......@.#
###.#.......#
#...#.......###############
#.###.#.....##.............
#.....#.....##....#<.......
###.###.#.........#########
#.....#.........#
###.###.#.......########
#.....#...............


You could see an orc warrior.

Vanquished Creatures
  A worker ant (D:4)
  6 adders
  An ooze (D:2)
  2 worms
  3 dart slugs
  3 leopard geckos
  4 giant cockroaches (D:2)
  5 goblins
  3 hobgoblins
  2 jackals (D:2)
  A quokka (D:2)
  A ball python (D:2)
  5 bats
  3 frilled lizards
  A kobold (D:2)
  2 rats
43 creatures vanquished.

Notes
Turn   | Place    | Note
-------+----------+-------------------------------------------
     0 | D:1      | tof the Minotaur Berserker began the quest for the Orb.
     0 | D:1      | Reached XP level 1. HP: 19/19 MP: 0/0
   430 | D:1      | Reached XP level 2. HP: 27/27 MP: 1/1
   477 | D:1      | Lost intelligence.
   796 | D:2      | Reached XP level 3. HP: 25/33 MP: 2/2
   998 | D:2      | Reached ** piety under Trog
  1001 | D:2      | Reached XP level 4. HP: 34/41 MP: 3/3
  1526 | D:2      | Found an iron altar of Okawaru.
  1586 | D:2      | Found a radiant altar of Vehumet.
  1717 | D:3      | Found a shadowy altar of Dithmenos.
  2015 | D:3      | Found a sparkling altar of Nemelex Xobeh.
  2218 | D:4      | Noticed an orc warrior
  2232 | D:4      | Hit by a silver boomerang thrown by an orc warrior

Illustrated notes

Levels and vault maps discovered:
D:1:      tarquinn_simple_flora_water_f, layout_basic, st_stairs_9
D:2:      kennysheep_six_static_rooms, layout_basic, vehumet_crystals,
          nicolae_overflow_hidden_temple, okawaru_trees_1, glass_columns_b
D:3:      layout_basic, grunt_dithmenos_smoke, nemelex_altar_shiori
D:4:      layout_basic, hangedman_abyss_or_decor_stabs, lexackson_kobold_supper

Skill      XL: |  1  2  3  4 |
---------------+-------------+-----
Fighting       | 4 |  4.9
Axes           | 4 |  4.9
Armour         | 3 4 |  4.0
Dodging        | |  2.3
Shields        | |  0.3

Action                   |  1- 3 |  4- 6 || total
-------------------------+-------+-------++-------
Melee: Hand axe          |    29 |    38 ||    67
       Headbutt          |     7 |     4 ||    11
  Use: Scroll            |     1 |     2 ||     3
 Stab: Distracted        |     1 |       ||     1
Armor: Animal skin       |    11 |     4 ||    15
Dodge: Dodged            |    29 |    31 ||    60
Block: Tower shield      |     2 |       ||     2

Table legend: (Time is in decaauts)
 A = Elapsed time spent in this place.
 B = Non-inter-level travel time spent in this place.
 C = Inter-level travel time spent in this place.
 D = Time resting spent in this place.
 E = Time spent auto-exploring this place.
 F = Levels seen in this place.
 G = Mean time per level.
                   A        B        C        D        E       F      G
               +--------+--------+--------+--------+--------+-----+--------+
         Total |   2696 |   2633 |     63 |    545 |   1782 |   4 |  674.0 |
       Dungeon |   2696 |   2633 |     63 |    545 |   1782 |   4 |  674.0 |
               +--------+--------+--------+--------+--------+-----+--------+

Top non-repeatable levels by time:
     D:2: 1490 daAuts
     D:1: 692 daAuts
     D:3: 461 daAuts
     D:4: 51 daAuts
